 Dungeon Crawl Stone Soup version 0.30-a0-728-gc68057be0a (webtiles) character file.

Game seed: 1473551951090394706

625 Dittersdorf the Trooper (level 7, 0/44 HPs)
             Began as a Gargoyle Fighter on Jan 31, 2023.
             Slain by an orc
             ... wielding a +0 mace
              (6 damage)
             ... on level 5 of the Dungeon.
             The game lasted 00:06:22 (3144 turns).

Dittersdorf the Trooper (Gargoyle Fighter)          Turns: 3144, Time: 00:06:22

Health: 0/44       AC: 17    Str: 22    XL:     7   Next: 47%
Magic:  16/16      EV:  7    Int:  8    God:
Gold:   107        SH:  4    Dex:  9    Spells: 6/6 levels left

rFire   . . .      SeeInvis .    v - +2 flail (holy)
rCold   . . .      Faith    .    c - +0 buckler
rNeg    + . .      Spirit   .    f - +0 chain mail
rPois   ∞          Reflect  .    q - +0 helmet
rElec   +          Harm     .    (no cloak)
rCorr   .          Rampage  .    n - +0 pair of gloves
Will    .....                    (no boots) Stlth
                                 (no amulet)
HPRegen 0.27/turn                s - ring of willpower
MPRegen 0.15/turn                b - ring of magical power

@: silenced, weak-willed, marked
A: sickness immunity, AC +4, negative energy resistance 1, electricity
resistance, torment resistance 1, petrification resistance
a: no special abilities


You were on level 5 of the Dungeon.
You visited 1 branch of the dungeon, and saw 6 of its levels.

You collected 107 gold pieces.

Inventory:

Hand Weapons
 v - a +2 flail of holy wrath (weapon)
Missiles
 e - 15 poisoned darts (quivered)
Armour
 c - a +0 buckler (worn)
 f - a +0 chain mail (worn)
 n - a +0 pair of gloves (worn)
 q - a +0 helmet (worn)
Jewellery
 b - a ring of magical power (right hand)
 s - a ring of willpower (left hand)
Scrolls
 g - a scroll of enchant weapon
 z - 2 scrolls of enchant armour {unknown}
 A - a scroll of fog {unknown}
Potions
 d - a potion of might
 h - 2 potions of magic
 i - 3 potions of heal wounds
 k - a potion of flight
 l - a potion of invisibility
 p - a potion of haste
 r - 3 potions of brilliance
 t - a potion of cancellation
 x - a potion of curing
 B - 2 potions of ambrosia


   Skills:
 + Level 5.4 Fighting
 + Level 4.3 Maces & Flails
 + Level 5.3 Armour
 + Level 5.3 Shields


You had 6 spell levels left.
You didn't know any spells.
Your spell library was empty.

Dungeon Overview and Level Annotations

Branches:
Dungeon (6/15)
 Temple: D:4-7

Altars:
Ashenzari
Fedhas

Shops:
D:2 (


Innate Abilities, Weirdness & Mutations

You are immune to sickness and miasma.
Your stone body is resilient. (AC +4)
You are immune to poison.
You resist negative energy. (rN+)
You are resistant to electric shocks. (rElec)
You are resistant to unholy torment.
You are immune to petrification.


Message History

Your +1 flail of holy wrath glows red for a moment.
The adder bites you but does no damage. The gnoll hits you but does no damage.
The adder bites you but does no damage. The gnoll hits you but does no damage.
The adder bites you.
* * * LOW HITPOINT WARNING * * *
You block the orc's attack. The orc closely misses you.
The orc hits you but does no damage. The orc barely misses you.
The orc hits you but does no damage.
This is a scroll of acquirement!
Something appears at your feet! The adder bites you but does no damage.
The gnoll hits you but does no damage. The adder bites you but does no damage.
The gnoll barely misses you. You block the orc's attack.
The orc hits you but does no damage. x2
An orc comes into view.
It is wielding a +0 whip and wearing a +2 leather armour of cold resistance.
The orc hits you but does no damage. The orc barely misses you.
As you read the scroll labelled ONUGGA KAHECK, it crumbles to dust.
You hear a loud clanging noise!
It was a scroll of noise.
The adder bites you but does no damage. The adder closely misses you.
The gnoll hits you but does no damage. x2
The adder barely misses you. The orc barely misses you.
The orc hits you but does no damage. x2; You block the orc's attack.
The orc hits you with a +0 falchion.
* * * LOW HITPOINT WARNING * * *
An orc wizard comes into view. It is wielding a +2 dagger of speed.
As you read the scroll labelled ASOGIO ECSA, it crumbles to dust.
Magic quickly surges around you.
It was a scroll of vulnerability.
The adder bites you but does no damage. The gnoll hits you but does no damage.
The adder bites you but does no damage. The gnoll completely misses you.
The orc barely misses you. The orc hits you but does no damage.
You block the adder's attack. The orc hits you but does no damage.
An orc comes into view. It is wielding a +0 short sword.
The orc barely misses you. The orc hits you but does no damage.
As you read the scroll labelled JUVEYC YWIRO, it crumbles to dust.
A profound silence engulfs you.
It was a scroll of silence.
The adder bites you but does no damage. You block the gnoll's attack.
The adder barely misses you. You block the gnoll's attack.
The orc hits you but does no damage. The orc barely misses you.
The orc hits you but does no damage. The orc barely misses you.
The orc hits you with a +0 mace.
You die...

####.................(.
#...............###.#..o
#...............# ...o.
#...............###.....
#...[...............o..
##+#...#####.........#+#
#........#...gg......
####.....#..goo......
#.....#.lo@og.....
#.......nSSog.....
#.....##.(S.......
####..............
...........#.....
..........##.....
.....[......# ...#
............# ...#
............#


You could see a necrophage (weak-willed), a gnoll bouda (weak-willed), an iguana
(weak-willed), an orc wizard (weak-willed), 4 gnolls, 3 adders and 7 orcs.

Vanquished Creatures
  Eustachio (D:4)
  2 phantoms
  A scorpion (D:5)
  2 iguanas
  2 orc wizards
  5 adders
  5 gnolls
  3 worms
  A dart slug (D:4)
  10 orcs
  4 endoplasms
  9 giant cockroaches
  4 goblins
  9 hobgoblins
  2 jackals (D:1)
  3 kobolds
  A quokka (D:3)
  A ball python (D:3)
  3 bats
  3 frilled lizards
  3 rats (D:3)
74 creatures vanquished.

Notes
Turn   | Place    | Note
-------+----------+-------------------------------------------
     0 | D:1      | Dittersdorf the Gargoyle Fighter began the quest for the
                  | Orb.
     0 | D:1      | Reached XP level 1. HP: 14/14 MP: 1/1
   117 | D:1      | Reached XP level 2. HP: 19/19 MP: 2/2
   432 | D:1      | Reached XP level 3. HP: 23/23 MP: 3/3
  1151 | D:2      | Found Kovuusupp's Antique Weapon Emporium.
  1527 | D:2      | Reached XP level 4. HP: 29/29 MP: 4/4
  1668 | D:3      | Identified the +2 robe of Deugh {Int+3}
  1756 | D:3      | Found a broken altar of Ashenzari.
  1757 | D:3      | Found a blossoming altar of Fedhas.
  1870 | D:3      | Reached XP level 5. HP: 10/33 MP: 5/5
  2272 | D:3      | Found a faded altar of an unknown god.
  2473 | D:4      | Noticed Eustachio
  2516 | D:4      | Killed Eustachio
  2517 | D:4      | Reached XP level 6. HP: 30/39 MP: 6/6
  2871 | D:4      | Reached skill level 5 in Fighting
  2871 | D:4      | Reached skill level 5 in Armour
  2871 | D:4      | Reached skill level 5 in Shields
  2871 | D:4      | Reached XP level 7. HP: 34/44 MP: 7/7
  2927 | D:4      | You fall into a shaft and drop 2 floors!
  2928 | D:6      | yay!
  3088 | D:5      | Entered Level 5 of the Dungeon
  3141 | D:5      | Identified a scroll of acquirement
  3141 | D:5      | Acquired a +1 morningstar of protection
  3144 | D:5      | Slain by an orc

Illustrated notes

#.........
#........#
........###
#.........#
#.........#
##.........#
#........(.#
#....@.....#
#..>.......#
#..........#
#.....######
#.....#
#.....#
#######


Turn 2928 on D:6: yay!

Levels and vault maps discovered:
D:1:      lightli_arrival_lavapool, layout_basic
D:2:      layout_loops_ring, serial_shops, nicolae_shop_waterfront
D:3:      layout_basic, gammafunk_temple_overflow_statue,
          hellmonk_ecumenical_altar_crossroads, feat_on_display
D:4:      layout_basic, minmay_misc_feat_tiny, uniq_eustachio
D:5:      layout_basic, nicolae_overflow_squiral
D:6:      corexii_shack_village, layout_basic, serial_shops,
          nicolae_shop_statue_plus

Skill      XL: |  1  2  3  4  5  6 |
---------------+-------------------+-----
Fighting       | 4 5 |  5.4
Armour         | 4 5 |  5.3
Shields        | 4 5 |  5.3
Maces & Flails | 3 4 |  4.3

Action                     |  1- 3 |  4- 6 |  7- 9 || total
---------------------------+-------+-------+-------++-------
  Melee: Flail             |   114 |   179 |    33 ||   326
  Throw: Dart              |       |    17 |       ||    17
    Use: Scroll            |       |       |    16 ||    16
 Armour: Scale mail        |    31 |       |       ||    31
         Chain mail        |    56 |   155 |    71 ||   282
  Dodge: Dodged            |    46 |    70 |    46 ||   162
  Block: Buckler           |    25 |    48 |    16 ||    89

Table legend: (Time is in decaauts)
 A = Elapsed time spent in this place.
 B = Non-inter-level travel time spent in this place.
 C = Inter-level travel time spent in this place.
 D = Time resting spent in this place.
 E = Time spent auto-exploring this place.
 F = Levels seen in this place.
 G = Mean time per level.
                   A        B        C        D        E       F      G
               +--------+--------+--------+--------+--------+-----+--------+
         Total |   3236 |   3099 |    137 |    313 |   1936 |   6 |  539.3 |
       Dungeon |   3236 |   3099 |    137 |    313 |   1936 |   6 |  539.3 |
               +--------+--------+--------+--------+--------+-----+--------+

Top non-repeatable levels by time:
     D:3: 880 daAuts
     D:1: 877 daAuts
     D:2: 756 daAuts
     D:4: 500 daAuts
     D:6: 161 daAuts
     D:5: 59 daAuts
